 Dungeon Crawl Stone Soup version 0.31-a0-188-g5e087ee2ca (webtiles) character file.

Game seed: 10460794313467553650

83 qw the Shooter (level 4, -3/25 HPs)
             Began as a Deep Elf Hunter on June 22, 2023.
             Slain by an iguana (10 damage)
             ... on level 2 of the Dungeon.
             The game lasted 00:00:41 (2079 turns).

qw the Shooter (Deep Elf Hunter)                    Turns: 2079, Time: 00:00:41

Health: -3/25      AC:  7    Str: 10    XL:     4   Next: 22%
Magic:  6/6        EV: 11    Int: 14    God:
Gold:   83         SH:  0    Dex: 18    Spells: 3/3 levels left

rFire   . . .        Y - +0 shortbow
rCold   . . .        (shield currently unavailable)
rNeg    . . .        g - +0 ring mail
rPois   .            (no helmet)
rElec   .            (no cloak)
rCorr   .            e - +0 pair of gloves
SInv    .            h - +0 pair of boots
Will    .....        (no amulet)
Stlth   +            (no ring)
HPRegen 0.24/turn    (no ring)
MPRegen 0.10/turn

%: no passive effects
@: no status effects
A: no striking features
a: no special abilities


You were on level 2 of the Dungeon.
You visited 1 branch of the dungeon, and saw 3 of its levels.

You collected 131 gold pieces.
You spent 48 gold pieces at shops.


   Skills:
 - Level 1.5 Fighting
 + Level 7.6 Ranged Weapons
 - Level 2.4 Dodging
 - Level 1.2 Stealth


You had 3 spell levels left.
You didn't know any spells.
Your spell library was empty.

Inventory:

Hand Weapons
 Y - a +0 shortbow (weapon)
Armour
 e - a +0 pair of gloves (worn)
 g - a +0 ring mail (worn)
 h - a +0 pair of boots (worn)
Scrolls
 a - a scroll of identify

Dungeon Overview and Level Annotations

Branches:
Dungeon (3/15)

Altars:

Shops:
D:2 *


Message History

You kill the bat!
You shoot an arrow. The arrow hits the endoplasm.
The endoplasm is almost dead.
The endoplasm freezes you.
You are frozen.
You shoot an arrow.
The arrow hits the endoplasm but does no damage.
The endoplasm is almost dead.
The endoplasm hits you but does no damage.
You shoot an arrow. The arrow hits the endoplasm.
You kill the endoplasm!
The goblin hits you with a +0 club.
2071 ||| STAIRDANCE The goblin closely misses you.
The iguana bites you.
You climb upwards.
There is a stone staircase leading down here.
You shoot an arrow. The arrow closely misses the iguana.
The iguana bites you but does no damage.
The goblin hits you with a +0 club.
You shoot an arrow. The arrow hits the iguana.
The iguana is moderately wounded.
The iguana barely misses you. The goblin hits you but does no damage.
You shoot an arrow.
The arrow hits the iguana but does no damage.
The iguana is moderately wounded.
The iguana barely misses you. The goblin hits you with a +0 club.
You shoot an arrow. The arrow hits the iguana.
The iguana is heavily wounded.
The iguana bites you. The goblin hits you but does no damage.
You shoot an arrow.
The arrow hits the iguana but does no damage.
The iguana is heavily wounded.
The iguana bites you. The goblin hits you but does no damage.
You shoot an arrow.
The arrow hits the iguana but does no damage.
The iguana is heavily wounded.
The iguana barely misses you. The goblin hits you but does no damage.
You shoot an arrow. The arrow closely misses the iguana.
The iguana bites you!
You die...

##.##.##.# #.#.# #######.#.
.........# ####.#.## ##.##
##.......###.......# #8.8#
..........##.......# ###...#
##........##.......########..8.8.
..............(..!.).........._..
...>.......#.......###.#.##8.8.8.
##....###..#.......# #.#.##.....#
###......)....#l@..# #.#.##.#8.8#
# #........#...g##.# #......##.##
# #..####..##.\.##.# #.###.###.##
###..# #..........# #.# #.......
.....####.########.# #.###.###.##
..........# #.# #.....###.#
####.###### #.#####.......# #.#
#...>......#### #.# ##.........#


You could see an iguana and a goblin.

Vanquished Creatures
  3 adders (D:2)
  2 worms (D:2)
  2 dart slugs (D:1)
  2 endoplasms
  2 giant cockroaches (D:1)
  3 goblins
  6 hobgoblins
  4 jackals (D:1)
  4 quokkas
  3 ball pythons
  5 bats
  A frilled lizard (D:2)
  3 kobolds (D:1)
  4 rats
44 creatures vanquished.

Notes
Turn   | Place    | Note
-------+----------+-------------------------------------------
     0 | D:1      | qw the Deep Elf Hunter began the quest for the Orb.
     0 | D:1      | Reached XP level 1. HP: 12/12 MP: 3/3
     0 | D:1      | 0 ||| qw: Version: 0.3-a-9-g12657ce
     0 | D:1      | 0 ||| qw: Game counter: 3061
     0 | D:1      | 0 ||| qw: Always use a shield: true
     0 | D:1      | 0 ||| qw: God list: Okawaru
     0 | D:1      | 0 ||| qw: Allow faded altars: false
     0 | D:1      | 0 ||| qw: Do Orc after D:15 true
     0 | D:1      | 0 ||| qw: Do second Lair branch before Depths: true
     0 | D:1      | 0 ||| qw: Lair rune preference: random
     0 | D:1      | 0 ||| qw: Plans: Normal
     0 | D:1      | 0 ||| PLANNING D:1-11
   116 | D:1      | Reached skill level 6 in Ranged Weapons
   116 | D:1      | Reached XP level 2. HP: 16/16 MP: 4/4
   906 | D:1      | Reached XP level 3. HP: 20/20 MP: 5/5
  1064 | D:1      | 1064 ||| UPGRADING to +0 pair of gloves.
  1069 | D:1      | 1069 ||| READING 3 scrolls labelled LYULYMA YNGIMY.
  1070 | D:1      | 1070 ||| READING scroll labelled VIEGYSH YNLASAGH.
  1071 | D:1      | 1071 ||| DROPPING scroll of butterflies.
  1197 | D:2      | HP: 5/20 [poisoned by an adder]
  1272 | D:2      | Found Gonul's Assorted Antiques.
  1281 | D:2      | 1281 ||| SHOPLISTING ivory ring (120 gold, have 69).
  1281 | D:2      | 1281 ||| SHOPLISTING runed scarf (192 gold, have 69).
  1281 | D:2      | 1281 ||| BUYING scroll labelled NOBAOSHE GYSAERO (24 gold).
  1281 | D:2      | Bought a scroll labelled NOBAOSHE GYSAERO for 24 gold
                  | pieces
  1281 | D:2      | 1281 ||| BUYING scroll labelled PUABBO NESHOI (24 gold).
  1281 | D:2      | Bought a scroll labelled PUABBO NESHOI for 24 gold pieces
  1281 | D:2      | 1281 ||| SHOPLISTING smoking cloak (228 gold, have 21).
  1321 | D:2      | Reached skill level 7 in Ranged Weapons
  1337 | D:2      | Found a faded altar of an unknown god.
  1469 | D:2      | Reached XP level 4. HP: 14/25 MP: 6/6
  1498 | D:2      | 1498 ||| FLEEEEING.
  1941 | D:2      | 1941 ||| UPGRADING to +0 ring mail.
  1951 | D:2      | 1951 ||| DROPPING +0 leather armour.
  1952 | D:2      | 1952 ||| UPGRADING to +0 pair of boots.
  1957 | D:2      | 1957 ||| READING scroll labelled NOBAOSHE GYSAERO.
  1962 | D:2      | 1962 ||| READING scroll labelled PUABBO NESHOI.
  1963 | D:2      | 1963 ||| READING scroll labelled POXTE TOWIF.
  1964 | D:2      | 1964 ||| READING 2 scrolls of identify.
  1964 | D:2      | 1964 ||| IDENTIFYING fizzy clear potion
  1965 | D:2      | 1965 ||| DROPPING potion of invisibility.
  1967 | D:2      | 1967 ||| Stepping ~*~*~tactically~*~*~ (cloud).
  1972 | D:2      | HP: 6/25 [poisoned by you (poison gas)]
  2071 | D:3      | 2071 ||| STAIRDANCE
  2077 | D:2      | HP: 6/25 [iguana (3)]
  2079 | D:2      | Slain by an iguana

Levels and vault maps discovered:
D:1:      sevenhm_arrival_forest_fort_small_5, layout_basic
D:2:      layout_loops_ring, ebering_ecumenical_altar_ruins, serial_shops,
          nicolae_shop_stone
D:3:      layout_rooms, feat_on_display, uniq_crazy_yiuf_cottage

Skill      XL: |  1  2  3 |
---------------+----------+-----
Ranged Weapons | 6 7 |  7.6
Fighting       | |  1.5
Dodging        | |  2.4
Stealth        | |  1.2

Action                     |  1- 3 |  4- 6 || total
---------------------------+-------+-------++-------
   Fire: Shortbow          |   108 |    43 ||   151
    Use: Scroll            |     2 |     4 ||     6
 Armour: Leather armour    |    12 |       ||    12
         Ring mail         |       |     7 ||     7
  Dodge: Dodged            |    33 |     7 ||    40

Table legend:
 A = Non-vault XP
 B = Vault XP
 C = Vault XP percentage of total XP
 D = Non-vault monster count
 E = Vault monster count
 F = Vault count percentage of total count
                 A         B        C        D         E       F
            +---------+---------+-------+---------+---------+-------
      Total |     119 |       0 |   0.0 |      44 |       0 |   0.0
            +---------+---------+-------+---------+---------+-------
        D:1 |      43 |       0 |   0.0 |      24 |       0 |   0.0
        D:2 |      72 |       0 |   0.0 |      18 |       0 |   0.0
        D:3 |       4 |       0 |   0.0 |       2 |       0 |   0.0
            +---------+---------+-------+---------+---------+-------
